Map: Central Protocol

Players

Snovski - Winner!

  • Race: Protoss Protoss
  • League: Master

Miszu

  • Race: Terran Terran
  • League: Grandmaster

VOD

Have the link to the VOD?

Description

Time

  • Played on: Feb. 7, 2016, 5:43 p.m.
  • Length: 8:27
Show
View Real Time Build Order
Export as new Build Order

Snovski Protoss - Winner!

Build Orders: Blink Stalkers, Dark Templar Rush 

Get SALT Encoding   

  12  0:01  Probe (Chrono Boost)  
  13  0:11  Probe (Chrono Boost)  
  14  0:17  Pylon  
  14  0:22  Probe (Chrono Boost)  
  15  0:36  Gateway, Probe (Chrono Boost)  
  16  0:46  Probe (Chrono Boost), Assimilator  
  17  0:51  Assimilator  
  17  0:57  Probe (Chrono Boost)  
  18  1:05  Gateway  
  18  1:08  Probe (Chrono Boost)  
  20  1:18  Probe (Chrono Boost)  
  20  1:24  Cybernetics Core  
  20  1:29  Probe (Chrono Boost)  
  21  1:36  Pylon  
  21  1:39  Probe (Chrono Boost)  
  22  1:50  Probe (Chrono Boost)  
  23  2:00  Stalker (Chrono Boost)  
  18  2:01  Stalker (Chrono Boost)  
  27  2:03  Warp Gate  
  27  2:08  Probe (Chrono Boost)  
  28  2:16  Twilight Council  
  30  2:30  Stalker (Chrono Boost)  
  30  2:36  Pylon  
  30  2:56  Dark Shrine  
  30  3:13  Nexus  
  30  3:25  Probe  
  31  3:32  Blink (Chrono Boost)  
  31  3:35  Gateway  
  31  3:39  Mothership Core (Chrono Boost)  
  32  3:59  Probe (Chrono Boost)  
  33  4:09  Pylon  
  33  4:10  Probe  
  33  4:16  Stalker x2  
  38  4:22  Probe  
  39  4:25  Probe  
  40  4:34  Probe  
  40  4:35  Probe  
  42  4:39  Robotics Facility  
  42  4:46  Probe  
  42  4:47  Dark Templar, Probe  
  46  4:56  Probe  
  46  4:59  Probe  
  48  5:00  Stalker  
  50  5:07  Probe  
  50  5:11  Probe  
  42  5:15  Stalker  
  42  5:17  Probe  
  44  5:23  Probe  
  44  5:24  Stalker  
  44  5:28  Probe  
  47  5:35  Probe  
  47  5:37  Dark Templar  
  47  5:38  Probe  
  50  5:47  Probe  
  47  5:51  Probe  
  42  5:57  Stalker x2  
  42  5:59  Probe  
  42  6:01  Probe  
  48  6:11  Probe  
  48  6:12  Probe  
  48  6:17  Stalker  
  47  6:23  Probe  
  45  6:28  Probe  
  45  6:30  Pylon  
  46  6:35  Probe  
  46  6:39  Immortal (Chrono Boost), Stalker  
  53  6:40  Probe  
  53  6:45  Stalker  
  56  6:51  Pylon  
  56  6:52  Probe  
  55  6:58  Probe  
  56  7:06  Stalker x2  
  60  7:09  Stalker  
  60  7:12  Probe  
  60  7:13  Probe  
  56  7:33  Stalker x3  
  56  7:35  Probe  
  56  7:37  Probe  
  63  7:40  Pylon  
  64  7:46  Gateway  
  64  7:49  Gateway, Probe  
  63  8:02  Stalker x2  
  63  8:03  Stalker  
  69  8:06  Assimilator  
Show
View Real Time Build Order
Export as new Build Order

Miszu Terran 

Build Orders: Reaper Expand 

Get SALT Encoding   

  12  0:01  SCV  
  13  0:13  SCV  
  14  0:17  Supply Depot  
  14  0:25  SCV  
  15  0:38  SCV  
  15  0:40  Barracks  
  16  0:44  Refinery  
  16  0:51  SCV  
  17  1:03  SCV  
  18  1:15  SCV  
  19  1:29  Orbital Command  
  19  1:31  Reaper  
  20  1:45  Command Center  
  20  1:55  SCV  
  20  1:59  Supply Depot  
  21  2:07  SCV  
  22  2:12  Barracks Reactor  
  22  2:21  Factory  
  22  2:24  SCV  
  23  2:39  SCV  
  23  2:41  Bunker  
  24  2:48  Marine x2  
  26  2:53  SCV  
  27  3:05  Orbital Command  
  26  3:06  Marine x2  
  26  3:07  Hellion  
  30  3:17  SCV  
  29  3:26  Factory  
  29  3:32  SCV  
  30  3:35  Engineering Bay  
  30  3:38  SCV  
  29  3:42  Barracks Reactor  
  29  3:43  Hellion  
  29  3:44  SCV  
  29  3:48  Hellion  
  35  3:55  SCV  
  35  3:56  SCV  
  35  4:05  Hellion  
  35  4:08  Missile Turret  
  35  4:09  Hellion  
  40  4:14  Missile Turret  
  39  4:22  Factory  
  39  4:26  Hellion  
  39  4:29  Hellion  
  39  4:30  Hellion  
  45  4:49  Supply Depot, Orbital Command  
  45  4:50  Supply Depot  
  45  5:11  Hellion x3  
  45  5:13  Hellion, Missile Turret  
  45  5:14  Hellion  
  54  5:32  Hellion x3  
  54  5:35  Hellion  
  61  5:43  Hellion  
  61  5:48  Orbital Command  
  53  6:13  Hellion  
  53  6:16  Hellion  
  53  6:17  Hellion x2  
  61  6:22  Missile Turret  
  61  6:24  Hellion  
  55  6:34  Hellion  
  54  6:48  Hellion  
  56  6:57  Hellion  
  56  7:00  Hellion  
  60  7:03  SCV  
  60  7:04  SCV  
  62  7:14  Hellion  
  46  7:26  Hellion  
  46  7:31  Hellion  
  46  7:32  Hellion x2  
  46  7:36  Hellion, SCV x2  
  54  7:47  Hellion  
  54  7:48  SCV  
  54  7:49  SCV  
  58  7:52  Hellion  
  54  8:00  SCV  
  54  8:01  Hellion  
  54  8:02  Hellion  
  59  8:05  Supply Depot  
  59  8:07  SCV  
Tags
 
Add a new tag
Caveats
  • Supply blocks, unpowered buildings, or Contaminate may cause inaccurate times.
  • Supply counts are checked every 10 seconds.